 Dungeon Sprint DCSS version 0.27-a0-46-g34d46f0a3f (webtiles) character file.

Game seed: 18259125912204630101

5803 mhtbhm the Carver (level 11, -8/93 HPs)
             Began as a Human Fighter on Jan 6, 2021.
             Was a High Priest of Okawaru.
             Mangled by a 12-headed hydra (10 damage)
             ... in the Dungeon (Sprint IX: "|||||||||||||||||||||||||||||").
             The game lasted 00:02:32 (1804 turns).

mhtbhm the Carver (Human Fighter)                   Turns: 1804, Time: 00:02:33

Health: -8/93      AC: 29    Str: 20    XL:     11   Next: 6%
Magic:  11/11      EV:  8    Int: 12    God:    Okawaru [*****.]
Gold:   31         SH: 12    Dex: 15    Spells: 10/10 levels left

rFire    . . .     SeeInvis .   a - +2 scimitar (protect)
rCold    . . .     Faith    .   c - +0 kite shield
rNeg     . . .     Spirit   .   b - +0 plate armour
rPois    .         Reflect  .   x - +0 helmet {Int+3}
rElec    .         Harm     .   p - +0 cloak
rCorr    .         Rampage  .   (no gloves)
Will     .....     NoTele   +   q - +0 pair of boots
Stlth    ..........             (no amulet)
HPRegen  0.25/turn              r - +2 ring of protection
MPRegen  0.12/turn              s - +3 ring of dexterity

@: protection aura
A: no striking features
a: Renounce Religion, Heroism, Finesse


You were in the Dungeon.
You worshipped Okawaru.
Okawaru was extremely pleased with you.
You visited 1 branch You collected 31 gold pieces.

Inventory:

Hand Weapons
 a - a +2 scimitar of protection (weapon)
 o - the +14 obsidian axe {vorpal, +Fly SInv *Curse}
   (You found it in the Dungeon)

   It inflicts extra damage upon your enemies.
   It lets you see invisible.
   It lets you fly.
   It curses itself when equipped.
Armour
 b - a +0 plate armour (worn)
 c - a +0 kite shield (worn)
 p - a +0 cloak (worn)
 q - a +0 pair of boots (worn)
 x - a +0 helmet of intelligence (worn)
Jewellery
 r - a +2 ring of protection (left hand)
 s - a +3 ring of dexterity (right hand)
Wands
 n - a wand of acid (4)
Scrolls
 j - a scroll of blinking
 l - 4 scrolls of remove curse
 m - 2 scrolls of amnesia
 u - a scroll of identify
 v - 4 scrolls of enchant armour
 w - 2 scrolls of enchant weapon
Potions
 d - a potion of might
 e - 4 potions of curing
 f - 6 potions of heal wounds
 g - 2 potions of haste
 h - 4 potions of magic
 i - a potion of berserk rage
 k - a potion of invisibility
 t - a potion of brilliance


   Skills:
 + Level 11.4 Fighting
 + Level 14.8 Long Blades
 + Level 12.2 Armour
 + Level 4.0 Dodging
 + Level 2.6 Stealth
 + Level 11.2 Shields
 + Level 2.4 Evocations


You had 10 spell levels left.
You didn't know any spells.
Your spell library was empty.

Dungeon Overview and Level Annotations

Branches:
Dungeon (1/1)

Altars:
Cheibriados
Dithmenos
Elyvilon
Fedhas
Gozag
Hepliaklqana
Kikubaaqudgha
Makhleb
Nemelex Xobeh
Okawaru
Qazlal
Ru
Sif Muna
Trog
Uskayaw
Vehumet
Wu Jian
Xom
Yredelemnul
Zin
The Shining One
Beogh
Jiyva
Lugonu


Message History

* * * LOW HITPOINT WARNING * * *
You block the 11-headed hydra's attack. x2; The 11-headed hydra bites you.
* * * LOW HITPOINT WARNING * * *
The 11-headed hydra bites you but does no damage.
You block the 11-headed hydra's attack.
You slice one of the 11-headed hydra's heads off!
The ten-headed hydra grows two more!
You slash the 12-headed hydra!
The 12-headed hydra is almost dead.
You block the 12-headed hydra's attack.
The 12-headed hydra completely misses you.
The 12-headed hydra bites you.
* * * LOW HITPOINT WARNING * * *
You block the 12-headed hydra's attack.
The 12-headed hydra bites you but does no damage.
The 12-headed hydra bites you!
* * * LOW HITPOINT WARNING * * *
The 12-headed hydra bites you but does no damage.
The 12-headed hydra completely misses you.
The 12-headed hydra bites you!
You die...

▓▓▓▓▓▓▓▓▓▓▓▓▓▓▓▓▓▓▓▓▓▓▓▓▓▓▓▓▓▓▓▓▓
.......'......|.@D.†.'.........†Y
.▓▓▓▓▓▓▓▓▓▓▓▓▓▓▓▓▓▓▓▓▓▓▓▓▓▓▓▓▓▓▓▓
.................................
▓▓▓▓▓▓▓▓▓▓▓▓▓▓▓▓▓▓▓▓▓▓▓▓▓▓▓▓▓▓▓▓▓
<...).....†.....'________________
▓▓▓▓▓▓▓▓▓▓▓▓▓▓▓▓▓▓▓▓▓▓▓▓▓▓▓▓▓▓▓▓▓


You could see a 12-headed hydra (corroded).

Vanquished Creatures
  A two-headed ogre (D)
  An unseen horror (D)
  2 manticores (D)
  An elephant (D)
  2 black mambas (D)
  2 cane toads (D)
  3 komodo dragons (D)
  A troll (D)
  A blink frog (D)
  A yak (D)
  2 basilisks (D)
  3 water moccasins (D)
  An ice beast (D)
  A phantom (D)
  A big kobold (D)
  2 bullfrogs (D)
  A killer bee (D)
  A hell rat (D)
  An adder (D)
  2 leopard geckos (D)
  A ball python (D)
  A giant cockroach (D)
  A goblin (D)
  A jackal (D)
  2 bats (D)
  2 leopard gecko skeletons (D)
38 creatures vanquished.

Notes
Turn   | Place    | Note
-------+----------+-------------------------------------------
     0 | D        | mhtbhm the Human Fighter began the quest for the Orb.
     0 | D        | Reached XP level 1. HP: 18/18 MP: 1/1
     0 | D        | Banished a spatial maelstrom
    21 | D        | Reached XP level 2. HP: 18/24 MP: 2/2
   219 | D        | Found a roughly hewn altar of Beogh.
   219 | D        | Found a snail-covered altar of Cheibriados.
   219 | D        | Found a shadowy altar of Dithmenos.
   219 | D        | Found a white marble altar of Elyvilon.
   219 | D        | Found a blossoming altar of Fedhas.
   219 | D        | Found an opulent altar of Gozag.
   220 | D        | Found a hazy altar of Hepliaklqana.
   221 | D        | Found a viscous altar of Jiyva.
   222 | D        | Found an ancient bone altar of Kikubaaqudgha.
   223 | D        | Found a corrupted altar of Lugonu.
   224 | D        | Found a burning altar of Makhleb.
   225 | D        | Found a sparkling altar of Nemelex Xobeh.
   226 | D        | Found an iron altar of Okawaru.
   227 | D        | Found a stormy altar of Qazlal.
   228 | D        | Found a sacrificial altar of Ru.
   229 | D        | Found a shimmering blue altar of Sif Muna.
   230 | D        | Found a bloodstained altar of Trog.
   231 | D        | Found a hide-covered altar of Uskayaw.
   232 | D        | Found a radiant altar of Vehumet.
   233 | D        | Found an ornate altar of the Wu Jian Council.
   234 | D        | Became a worshipper of Warmaster Okawaru
   235 | D        | Found a shimmering altar of Xom.
   236 | D        | Found a basalt altar of Yredelemnul.
   237 | D        | Found a glowing silver altar of Zin.
   238 | D        | Found a glowing golden altar of the Shining One.
   247 | D        | Found the +14 obsidian axe {vorpal, +Fly SInv *Curse}
   292 | D        | Noticed an ice beast
   292 | D        | Noticed a bullfrog
   292 | D        | Noticed a big kobold
   292 | D        | Noticed a bullfrog
   298 | D        | Killed an ice beast
   299 | D        | Reached skill level 5 in Fighting
   299 | D        | Reached skill level 4 in Long Blades
   299 | D        | Reached skill level 5 in Armour
   299 | D        | Reached skill level 1 in Dodging
   299 | D        | Reached skill level 5 in Shields
   299 | D        | Reached XP level 3. HP: 21/33 MP: 3/3
   299 | D        | Reached XP level 4. HP: 25/39 MP: 4/4
   299 | D        | Reached XP level 5. HP: 29/44 MP: 5/5
   300 | D        | Killed a bullfrog
   300 | D        | Reached * piety under Okawaru
   301 | D        | Reached skill level 5 in Long Blades
   301 | D        | Reached skill level 1 in Stealth
   323 | D        | Killed an unseen horror
   323 | D        | Reached ** piety under Okawaru
   324 | D        | Reached skill level 9 in Long Blades
   324 | D        | Reached XP level 6. HP: 31/56 MP: 6/6
   324 | D        | Reached XP level 7. HP: 34/62 MP: 7/7
   332 | D        | Reached XP level 8. HP: 33/69 MP: 8/8
   601 | D        | Noticed a troll
   601 | D        | Noticed a manticore
   601 | D        | Noticed a two-headed ogre
   601 | D        | Noticed a manticore
   607 | D        | Killed a troll
   607 | D        | Reached *** piety under Okawaru
   608 | D        | Reached skill level 10 in Long Blades
   612 | D        | Killed a manticore
   613 | D        | Reached skill level 11 in Long Blades
   613 | D        | Reached XP level 9. HP: 51/76 MP: 9/9
   623 | D        | Killed a two-headed ogre
   624 | D        | Reached skill level 12 in Long Blades
   624 | D        | Reached skill level 10 in Armour
   624 | D        | Reached skill level 1 in Evocations
   631 | D        | Killed a manticore
   631 | D        | Reached **** piety under Okawaru
   632 | D        | Reached skill level 10 in Fighting
  1027 | D        | Noticed a komodo dragon
  1027 | D        | Noticed a cane toad
  1027 | D        | Noticed a black mamba
  1051 | D        | Killed a komodo dragon
  1052 | D        | Reached XP level 10. HP: 54/85 MP: 10/10
  1054 | D        | Noticed a komodo dragon
  1055 | D        | Reached skill level 13 in Long Blades
  1058 | D        | Noticed a komodo dragon
  1063 | D        | Killed a cane toad
  1064 | D        | Reached skill level 10 in Shields
  1081 | D        | Killed a black mamba
  1081 | D        | Reached ***** piety under Okawaru
  1088 | D        | Killed a komodo dragon
  1097 | D        | Killed a komodo dragon
  1098 | D        | Reached skill level 14 in Long Blades
  1397 | D        | Noticed a cane toad
  1397 | D        | Noticed a black mamba
  1397 | D        | Noticed an elephant
  1398 | D        | Noticed a five-headed hydra
  1408 | D        | Killed a cane toad
  1426 | D        | HP: 4/87 [black mamba (12)]
  1746 | D        | Killed a black mamba
  1746 | D        | Received a gift from Okawaru
  1791 | D        | Killed an elephant
  1792 | D        | Reached XP level 11. HP: 80/93 MP: 11/11
  1804 | D        | HP: 2/93 [12-headed hydra (11)]
  1804 | D        | Mangled by a 12-headed hydra

Illustrated notes

Levels and vault maps discovered:
D:        linesprint [early_d, line_temple, items_1, d_10, items_2, lair_1,
          lair_end, items_3, orc_1, orc_end, items_4, d_15, swamp_1, shoals_1,
          snake_1, spider_1, d_20, vaults_1, items_5, swamp_end, shoals_end,
          snake_end, spider_end, vaults_end, d_27, items_6, zot_1, zot_end,
          crypt_end, forest_end, elf_end, slime_end, tomb_end, abyss_end,
          pan_hell_end]

Skill      XL: |  1  2  3  4  5  6  7  8  9 10 |
---------------+-------------------------------+-----
Fighting       | 5 8 9 10 11 | 11.4
Long Blades    | 4 9 11 12 14 | 14.8
Armour         | 5 8 9 10 12 | 12.2
Dodging        | 1 2 3 4 |  4.0
Shields        | 5 7 8 9 11 | 11.2
Stealth        | 2 |  2.6
Evocations     | 2 |  2.4

Action                   |  1- 3 |  4- 6 |  7- 9 | 10-12 || total
-------------------------+-------+-------+-------+-------++-------
Melee: Long sword        |    29 |       |       |       ||    29
       Scimitar          |     6 |    24 |    78 |   115 ||   223
Evoke: Wand              |       |       |     3 |     3 ||     6
  Use: Potion            |       |     1 |       |     2 ||     3
       Scroll            |       |       |       |     1 ||     1
Armor: Scale mail        |    15 |       |       |       ||    15
       Plate armour      |     3 |    35 |    41 |    76 ||   155
Dodge: Dodged            |    12 |       |    22 |    36 ||    70
Block: Kite shield       |    14 |     6 |    38 |    58 ||   116
       Rpst.: Long sword |     5 |       |       |       ||     5
       Scimitar          |       |       |     5 |     5 ||    10

Table legend: (Time is in decaauts)
 A = Elapsed time spent in this place.
 B = Non-inter-level travel time spent in this place.
 C = Inter-level travel time spent in this place.
 D = Time resting spent in this place.
 E = Time spent auto-exploring this place.
 F = Levels seen in this place.
 G = Mean time per level.
                   A        B        C        D        E       F      G
               +--------+--------+--------+--------+--------+-----+--------+
         Total |   1779 |   1779 |      0 |   1284 |     88 |   1 | 1779.0 |
       Dungeon |   1779 |   1779 |      0 |   1284 |     88 |   1 | 1779.0 |
               +--------+--------+--------+--------+--------+-----+--------+

Top non-repeatable levels by time:
       D: 1779 daAuts
